[Event "ICC tourney 2014 (15 5)"]
[Site "Internet Chess Club"]
[Date "2020.09.20"]
[Round "3"]
[White "amandapati"]
[Black "Joshua1"]
[Result "1-0"]
[ICCResult "Black checkmated"]
[WhiteElo "449"]
[BlackElo "1863"]
[Opening "Sicilian defense"]
[ECO "B40"]
[NIC "SI.43"]
[Time "14:01:59"]
[TimeControl "900+5"]

1. e4 c5 2. Nf3 e6 3. Nc3 d5 4. exd5 exd5 5. Bb5+ Bd7 6. Bxd7+ Qxd7 7. Ne5
Qe6 8. O-O Bd6 9. Nd3 Ne7 10. Re1 Qf5 11. Nb5 Qd7 12. b4 Qxb5 13. bxc5 Bxc5
14. a4 Qc6 15. Nxc5 O-O 16. Nb3 Ng6 17. Bb2 Re8 18. Qf3 Nd7 19. Nd4 Nde5 20.
Qh5 Qd7 21. h3 Nc6 22. Nf5 f6 23. Qg4 Qc7 24. Ba3 Nce5 25. Qd4 Rad8 26. Qxa7
Nf4 27. Qe3 g5 28. d4 Nc6 29. Qxe8+ Rxe8 30. Rxe8+ Kf7 31. Nd6+ Kg6 32. Rg8+
Kh5 33. Nf5 Nxh3+ 34. gxh3 Qf4 35. Ng7+ Kh6 36. Bf8 Qd2 37. Ne8+ Kh5 38.
Nxf6+ Kh4 39. Rh8 Qxc2 40. Rxh7+ Qxh7 41. Nxh7 Nxd4 42. Rb1 Ne2+ 43. Kf1 Nf4
44. Nf6 d4 45. Rb5 d3 46. Rxb7 d2 47. Rh7+ Nh5 48. Rxh5# {Black checkmated}
1-0

[Event "ICC tourney 2014 (15 5)"]
[Site "Internet Chess Club"]
[Date "2020.09.20"]
[Round "3"]
[White "TheMoffattMan"]
[Black "QueenHM"]
[Result "1-0"]
[ICCResult "Black checkmated"]
[WhiteElo "1446"]
[BlackElo "1585"]
[Opening "Sicilian: dragon variation"]
[ECO "B70"]
[NIC "SI.15"]
[Time "14:02:31"]
[TimeControl "900+5"]

1. e4 c5 2. Nf3 d6 3. d4 cxd4 4. Nxd4 Nf6 5. Nc3 g6 6. Bb5+ Bd7 7. Bxd7+
Qxd7 8. O-O Bg7 9. Re1 O-O 10. Nf3 Nc6 11. Bg5 Rfd8 12. Qd2 Ng4 13. h3 Nge5
14. Nxe5 Nxe5 15. Nd5 f6 16. Bf4 e6 17. Ne3 Rac8 18. c3 Nc4 19. Nxc4 Rxc4
20. Rad1 e5 21. Bg3 Qf7 22. b3 Rc7 23. c4 a6 24. Qb4 Rcd7 25. Rd5 Bf8 26.
Bh4 Be7 27. Qd2 g5 28. Bg3 f5 29. exf5 Qxf5 30. Rd3 e4 31. Rde3 d5 32. cxd5
Rxd5 33. Qe2 Bb4 34. Rf1 Rd2 35. Qc4+ Kg7 36. Qxb4 Qd5 37. Qe7+ Kh6 38. Qxe4
Rxa2 39. Qe6+ Qxe6 40. Rxe6+ Kh5 41. Re7 h6 42. Rxb7 Rdd2 43. Rb6 Re2 44.
Bd6 Re6 45. Bc5 Rxb6 46. Bxb6 Rb2 47. Ra1 Rxb3 48. Rxa6 Kh4 49. Kh2 g4 50.
g3+ Kh5 51. h4 Kg6 52. Be3+ Kf5 53. Rxh6 Ke4 54. Rh5 Rb1 55. Rg5 Kf3 56. h5
Rb7 57. h6 Rh7 58. Rg7 Rh8 59. h7 Ke2 60. Kg2 Kd3 61. Rd7+ Ke4 62. Bd4 Re8
63. h8=Q Rxh8 64. Bxh8 Kf5 65. Rg7 Kf6 66. f4 Kf5 67. Rg8 Ke4 68. Rxg4 Kf5
69. Rg5+ Ke4 70. Be5 Ke3 71. Rg8 Ke4 72. Rh8 Kf5 73. Kf3 Kg6 74. g4 Kf7 75.
Ra8 Kg6 76. Ke4 Kf7 77. f5 Ke7 78. g5 Kf7 79. g6+ Ke7 80. g7 Kd7 81. g8=Q
Kc6 82. Qd5+ Kb6 83. Rb8+ Ka7 84. Qa5# {Black checkmated} 1-0

[Event "ICC tourney 2014 (15 5)"]
[Site "Internet Chess Club"]
[Date "2020.09.20"]
[Round "3"]
[White "VirginiaGuy"]
[Black "pmchess98"]
[Result "0-1"]
[ICCResult "White resigns"]
[WhiteElo "1507"]
[BlackElo "1489"]
[Opening "Queen's pawn: Yusupov-Rubinstein system"]
[ECO "A46"]
[NIC "QP.06"]
[Time "14:02:49"]
[TimeControl "900+5"]

1. d4 Nf6 2. Nf3 e6 3. e3 c5 4. Bd3 Nc6 5. a3 d5 6. b3 Bd6 7. Bb2 O-O 8. O-O
h6 9. Nbd2 cxd4 10. exd4 b6 11. Ne5 Bb7 12. f4 Rc8 13. Rf3 Qe7 14. Rh3 Bxe5
15. fxe5 Ne4 16. Nxe4 dxe4 17. Bxe4 f5 18. exf6 Qxf6 19. Rf3 Qh4 20. Qe2
Nxd4 21. Bxd4 Qxe4 22. Qxe4 Bxe4 23. Re3 Bxc2 24. Rxe6 Bxb3 25. Re7 Rf7 26.
Rae1 Rd8 27. Re8+ Rxe8 28. Rxe8+ Kh7 29. h3 Bc4 30. Ra8 Rd7 31. Bb2 Rd2 32.
Bc3 Rxg2+ 33. Kxg2 Bd5+ 34. Kg3 Bxa8 35. Be5 g5 36. Bb8 a6 37. Bc7 b5 38.
Ba5 Kg6 39. Bb4 h5 40. h4 gxh4+ 41. Kxh4 Bf3 42. Ba5 Kf5 43. Bb4 Ke5 44. Ba5
Kd5 45. Bb4 Kc6 46. Ba5 Kc5 47. Bb4+ Kb6 48. Bf8 a5 49. Be7 b4 50. axb4 a4
51. Bc5+ Kb5 52. Bd4 Kxb4 53. Ba1 a3 54. Kg3 Bg4 55. Kh4 Kb3 56. Kg3 Ka2 57.
Bh8 Kb1 58. Bg7 a2 59. Bf6 a1=Q 60. Bxa1 Kxa1 61. Kh4 Kb2 62. Kg3 Kc3 63.
Kh4 Kd3 64. Kg3 Ke3 65. Kg2 Kf4 66. Kf2 Bf5 67. Kg2 Kg4 68. Kh2 h4 69. Kg2
h3+ 70. Kh2 Be4 71. Kg1 Kg3 {White resigns} 0-1

[Event "ICC tourney 2014 (15 5)"]
[Site "Internet Chess Club"]
[Date "2020.09.20"]
[Round "3"]
[White "marinaxiao"]
[Black "steinutz"]
[Result "1-0"]
[ICCResult "Black checkmated"]
[WhiteElo "1461"]
[BlackElo "1750"]
[Opening "Scandinavian: Pytel-Wade variation"]
[ECO "B01"]
[NIC "SD.02"]
[Time "14:02:06"]
[TimeControl "900+5"]

1. e4 d5 2. exd5 Qxd5 3. Nc3 Qd6 4. Nf3 c6 5. g3 Nf6 6. Bg2 Bf5 7. d3 e6 8.
Bf4 Qb4 9. Rb1 Be7 10. O-O Nbd7 11. a3 Qa5 12. Re1 O-O 13. Ne5 Rfd8 14. Bxc6
bxc6 15. Nxc6 Qc5 16. Nxd8 Rxd8 17. Qf3 Nb6 18. Re5 Qc8 19. Rbe1 Bc5 20. Bg5
Bd4 21. Bxf6 gxf6 22. R5e2 Bxc3 23. bxc3 Qxc3 24. g4 Bg6 25. Qf4 Rd4 26. Qf3
Qxa3 27. h3 Nd5 28. Qg3 Nf4 29. Re3 e5 30. g5 fxg5 31. Qxg5 Qd6 32. Qxe5
Qxe5 33. Rxe5 Nxh3+ 34. Kg2 Nf4+ 35. Kg3 Ne6 36. Ra5 Rd7 37. Rea1 Rc7 38. c3
Rxc3 39. Rxa7 Rxd3+ 40. Kg2 Kg7 41. R1a6 Rd2 42. Rxe6 Kh6 43. Rxf7 Kg5 44.
Rf3 Rd4 45. Rg3+ Kf5 46. Ree3 Kf6 47. Rgf3+ Kg5 48. Re5+ Kh6 49. Rh3+ Kg7
50. f3 Kf6 51. Rc5 Rd2+ 52. Kg3 Rd1 53. f4 Rg1+ 54. Kf2 Ra1 55. Rf3 Be4 56.
Re3 Bg6 57. Ree5 Ra4 58. Ke3 Ra3+ 59. Kd4 Ra4+ 60. Rc4 Ra1 61. Rc6+ Kf7 62.
f5 Rd1+ 63. Kc5 Bh5 64. Kb6 Bf3 65. Rce6 h5 66. Re7+ Kf6 67. R7e6+ Kf7 68.
f6 Rb1+ 69. Kc7 Bg4 70. Rc6 Ra1 71. Re7+ Kf8 72. Rb6 Ra7+ 73. Rb7 Ra8 74.
Rb8+ Rxb8 75. Kxb8 h4 76. Rh7 h3 77. Kc7 Bf5 78. Rh5 Bg4 79. Rh4 Bf5 80. Kd6
Kf7 81. Ke5 Bc8 82. Rh7+ Kg6 83. f7 Kxh7 84. f8=Q h2 85. Qe7+ Kg6 86. Qd6+
Kg5 87. Qd2+ Kg4 88. Qxh2 Bf5 89. Qg2+ Kh4 90. Kxf5 Kh5 91. Qg5#
{Black checkmated}
1-0

[Event "ICC tourney 2014 (15 5)"]
[Site "Internet Chess Club"]
[Date "2020.09.20"]
[Round "4"]
[White "NikiSDKChess"]
[Black "Kokosnuss1000"]
[Result "1-0"]
[ICCResult "Black resigns"]
[WhiteElo "789"]
[BlackElo "1133"]
[Opening "King's pawn opening"]
[ECO "B07"]
[NIC "VO.17"]
[Time "15:01:32"]
[TimeControl "900+5"]

1. e4 d6 2. h3 e5 3. Bc4 Nf6 4. d3 Be7 5. Bg5 O-O 6. Bxf6 Bxf6 7. c3 Bh4 8.
Qe2 Qf6 9. Nf3 Qg6 10. Nxh4 Qg5 11. Nf3 Qc1+ 12. Qd1 Qxb2 13. Nbd2 Qxc3 14.
O-O Qa5 15. Nb3 Qb6 16. d4 c5 17. dxe5 dxe5 18. Nxe5 Qf6 19. Qd5 Nd7 20.
Nxd7 {Black resigns} 1-0

[Event "ICC tourney 2014 (15 5)"]
[Site "Internet Chess Club"]
[Date "2020.09.20"]
[Round "4"]
[White "AdityaBang"]
[Black "oxdidi"]
[Result "1-0"]
[ICCResult "Black resigns"]
[WhiteElo "1253"]
[BlackElo "1309"]
[Opening "two knights: Max Lange attack"]
[ECO "C50"]
[NIC "IG.02"]
[Time "15:01:31"]
[TimeControl "900+5"]

1. e4 e5 2. Nf3 Nc6 3. Bc4 Bc5 4. O-O Nf6 5. d4 exd4 6. e5 Ng8 7. Ng5 Qe7 8.
Nxf7 a6 9. Nxh8 b5 10. Bxg8 Qf8 11. Qh5+ Kd8 12. Nf7+ Ke8 13. Nd6+ Kd8 14.
Bg5+ Ne7 15. Bxe7+ Qxe7 16. Nf5 Qf8 17. Qxh7 d6 18. e6 Bb7 19. e7+ Qxe7 20.
Nxe7 Kxe7 21. Re1+ Kd7 22. Be6+ Kd8 23. Qg8+ {Black resigns} 1-0

[Event "ICC tourney 2014 (15 5)"]
[Site "Internet Chess Club"]
[Date "2020.09.20"]
[Round "4"]
[White "michaelxiao"]
[Black "VirginiaGuy"]
[Result "1/2-1/2"]
[ICCResult "Game drawn by mutual agreement"]
[WhiteElo "1370"]
[BlackElo "1507"]
[Opening "English opening"]
[ECO "A13"]
[NIC "EO.64"]
[Time "15:01:40"]
[TimeControl "900+5"]

1. c4 e6 2. g3 d5 3. cxd5 exd5 4. Nf3 Nf6 5. Bg2 c6 6. O-O g6 7. d4 Bg7 8.
Bg5 O-O 9. Nc3 Qd6 10. Re1 Nbd7 11. Qd2 Nb6 12. b3 Qb4 13. Ne5 Bf5 14. Rac1
Rac8 15. Bh6 Bxh6 16. Qxh6 Qxd4 17. Nf3 Qb4 18. Ng5 Qg4 19. Bf3 Qb4 20. e4
dxe4 21. Bxe4 Bxe4 22. Ncxe4 Nbd7 23. Nxf6+ Nxf6 24. Re4 Qa3 25. Rce1 Rfd8
26. Re7 Rf8 27. Kg2 Qd6 28. Rxb7 Qd5+ 29. Kg1 c5 30. Rxa7 Qd2 31. Rf1 Rce8
32. Ra6 Re1 33. Rxe1 Qxe1+ 34. Kg2 Qxf2+ 35. Kh3 Qf5+ 36. Kg2
{Game drawn by mutual agreement}
1/2-1/2

[Event "ICC tourney 2014 (15 5)"]
[Site "Internet Chess Club"]
[Date "2020.09.20"]
[Round "4"]
[White "wildrumpus"]
[Black "marinaxiao"]
[Result "1/2-1/2"]
[ICCResult "Game drawn by mutual agreement"]
[WhiteElo "1443"]
[BlackElo "1433"]
[Opening "Queen's pawn game"]
[ECO "A45"]
[NIC "QP.07"]
[Time "15:01:41"]
[TimeControl "900+5"]

1. d4 Nf6 2. e3 g6 3. Nf3 Bg7 4. Be2 O-O 5. O-O d6 6. b3 Nbd7 7. Bb2 b6 8.
c4 Bb7 9. Nc3 e5 10. dxe5 Nxe5 11. Nxe5 dxe5 12. Ba3 Re8 13. Qxd8 Raxd8 14.
Rad1 h6 15. Rxd8 Rxd8 16. Be7 Rd7 17. Bxf6 Bxf6 18. e4 Bg7 19. Rd1 Rxd1+ 20.
Bxd1 f5 21. f3 Kf7 22. Bc2 f4 23. Nb5 Bf8 24. Nxc7 Bc5+ 25. Kf1 a6 26. g3 g5
27. gxf4 gxf4 28. Nd5 Bxd5 29. cxd5 Kf6 30. Bd3 a5 31. Ba6 Bb4 32. Ke2 Ke7
33. Kd3 Kd6 34. Kc4 Kc7 35. Kb5 Bc5 36. Ka4 Kd6 37. a3 Kc7 38. b4 axb4 39.
axb4 Bd6 40. Kb5 Be7 41. Kc4 Bd6 42. Bb5 Be7 43. Be8 Bd6 44. h4 Be7 45. h5
Bd6 46. Kb5 Be7 47. Bf7 Bd6 48. Be6 Be7 49. Ka6 Bd6 50. Kb5 Be7
{Game drawn by mutual agreement}
1/2-1/2

[Event "ICC tourney 2014 (15 5)"]
[Site "Internet Chess Club"]
[Date "2020.09.20"]
[Round "4"]
[White "amandapati"]
[Black "snifflingalloy6"]
[Result "1-0"]
[ICCResult "Black resigns"]
[WhiteElo "349"]
[BlackElo "1717"]
[Opening "Scandinavian defense"]
[ECO "B01"]
[NIC "SD.03"]
[Time "15:01:34"]
[TimeControl "900+5"]

1. e4 d5 2. exd5 Nf6 3. Nf3 Nxd5 4. d4 e6 5. c4 Nb6 6. Be2 Be7 7. Qc2 h6 8.
Be3 Nc6 9. Nc3 a6 10. O-O O-O 11. a3 Re8 12. Rfd1 Bf8 13. Bd3 Qe7 14. b4 Bd7
15. Bh7+ Kh8 16. d5 exd5 17. Bxb6 cxb6 18. Nxd5 Qd8 19. Bd3 Ne5 20. Nxe5
Rxe5 21. Qc3 Bd6 22. Re1 Rxe1+ 23. Rxe1 Rc8 24. Qd4 Rc6 25. h4 Bf8 26. h5
Bg4 27. Qxg4 {Black resigns} 1-0

[Event "ICC tourney 2014 (15 5)"]
[Site "Internet Chess Club"]
[Date "2020.09.20"]
[Round "4"]
[White "Joshua1"]
[Black "Jeffchess"]
[Result "1-0"]
[ICCResult "Black checkmated"]
[WhiteElo "1871"]
[BlackElo "1366"]
[Opening "Old Benoni defense"]
[ECO "A43"]
[NIC "OI.05"]
[Time "15:01:21"]
[TimeControl "900+5"]

1. d4 c5 2. d5 d6 3. c4 e5 4. e4 Nf6 5. Nc3 Be7 6. Nge2 a6 7. a4 Bd7 8. Ng3
Qc8 9. Be2 Bg4 10. Bxg4 Qxg4 11. Qxg4 Nxg4 12. f3 Nf6 13. Be3 h6 14. Nf5 Bf8
15. Ke2 Nbd7 16. Rhb1 Nh5 17. g3 g6 18. Nh4 Be7 19. Ng2 f5 20. b4 Nb6 21.
Kd3 fxe4+ 22. fxe4 Nd7 23. bxc5 Nxc5+ 24. Bxc5 dxc5 25. Rxb7 Bf6 26. Rc7 O-O
27. Rxc5 Bg5 28. Ke2 Rac8 29. Rxc8 Rxc8 30. Kd3 Rf8 31. c5 Rf3+ 32. Kc4 Nf6
33. Rd1 Rf2 34. c6 Kf7 35. c7 Nd7 36. a5 Nf8 37. c8=Q Rxg2 38. Rf1+ Bf4 39.
gxf4 Ke7 40. fxe5 Nd7 41. d6+ Ke6 42. Qe8# {Black checkmated} 1-0

[Event "ICC tourney 2014 (15 5)"]
[Site "Internet Chess Club"]
[Date "2020.09.20"]
[Round "4"]
[White "steinutz"]
[Black "rohitk14"]
[Result "1/2-1/2"]
[ICCResult "Game drawn by repetition"]
[WhiteElo "1770"]
[BlackElo "1112"]
[Opening "Levitsky attack (Queen's bishop attack)"]
[ECO "D00"]
[NIC "QP.08"]
[Time "15:01:35"]
[TimeControl "900+5"]

1. d4 d5 2. Bg5 Nf6 3. e3 e6 4. Bd3 Be7 5. Nd2 h6 6. Bh4 Nbd7 7. f4 b6 8.
Ngf3 Bb7 9. O-O c5 10. c3 Rc8 11. Qe2 O-O 12. Ne5 Qc7 13. Ndf3 Bd6 14. Rae1
Rfe8 15. Kh1 Ne4 16. Nxd7 Qxd7 17. Ne5 Qc7 18. Bb1 Be7 19. Bxe7 Qxe7 20.
Bxe4 dxe4 21. dxc5 Rxc5 22. Rd1 Rd5 23. Rd4 Red8 24. Rfd1 Qf6 25. h3 Qh4 26.
Kh2 Qf6 27. Rc1 Rc8 28. Rc2 Qh4 29. a3 a5 30. Rc4 Qd8 31. Rd4 Qf6 32. Nd7
Qd8 33. Ne5 Qf6 34. g4 Rcd8 35. Kg3 Qe7 36. h4 f6 37. Ng6 Qf7 38. h5 Qd7 39.
Rcd2 Qc7 40. Kh3 Bc6 41. b3 R5d7 42. Ne7+ Kh7 43. Nxc6 Qxc6 44. Rxd7 Rxd7
45. Rxd7 Qxd7 46. Qc4 Qd3 47. Qd4 Qf1+ 48. Kh2 Qe2+ 49. Kh3 Qf3+ 50. Kh2
Qf2+ 51. Kh3 Qf1+ 52. Kh2 Qf2+ 53. Kh3 Qf1+ 54. Kh2 Qf2+ 55. Kh3 Qf1+ 56.
Kh2 Qf2+ 57. Kh3 Qf3+ 58. Kh2 Qf2+ 59. Kh3 {Game drawn by repetition}
1/2-1/2

[Event "ICC tourney 2014 (15 5)"]
[Site "Internet Chess Club"]
[Date "2020.09.20"]
[Round "4"]
[White "pmchess98"]
[Black "TheMoffattMan"]
[Result "1-0"]
[ICCResult "Black resigns"]
[WhiteElo "1463"]
[BlackElo "1390"]
[Opening "Sicilian: Alapin's variation (2.c3)"]
[ECO "B22"]
[NIC "SI.46"]
[Time "15:01:46"]
[TimeControl "900+5"]

1. e4 c5 2. c3 Nc6 3. d4 cxd4 4. cxd4 e6 5. Nf3 g6 6. d5 exd5 7. exd5 Qe7+
8. Be2 Ne5 9. O-O d6 10. h3 Bg7 11. Nc3 Nf6 12. Bb5+ Bd7 13. Nxe5 dxe5 14.
d6 Qe6 15. Re1 O-O 16. Bg5 Rfe8 17. Qd2 Rac8 18. Bxf6 Bxf6 19. Bxd7 Qxd7 20.
Rad1 Rc6 21. Ne4 Bg7 22. Qg5 Re6 23. b4 b6 24. Rc1 Rxc1 25. Rxc1 f5 26. Rc7
Qe8 27. d7 Qf8 28. Rc8 Qxc8 29. dxc8=Q+ {Black resigns} 1-0

[Event "ICC tourney 2014 (15 5)"]
[Site "Internet Chess Club"]
[Date "2020.09.20"]
[Round "4"]
[White "QueenHM"]
[Black "BobbyFissure"]
[Result "0-1"]
[ICCResult "White checkmated"]
[WhiteElo "1580"]
[BlackElo "1531"]
[Opening "Alekhine's defense: four pawns attack, fianchetto variation"]
[ECO "B03"]
[NIC "AL.09"]
[Time "15:02:18"]
[TimeControl "900+5"]

1. e4 Nf6 2. e5 Nd5 3. d4 d6 4. f4 g6 5. c4 Nb6 6. Nc3 Bg7 7. Nf3 Bg4 8. Be2
O-O 9. O-O dxe5 10. fxe5 Nc6 11. Be3 f6 12. exf6 exf6 13. h3 Bxf3 14. Rxf3
Re8 15. b3 f5 16. Rc1 Nxd4 17. Bxd4 Bxd4+ 18. Kh1 Qf6 19. Nd5 Nxd5 20. cxd5
c5 21. dxc6 bxc6 22. Bc4+ Kg7 23. Rd3 c5 24. b4 Rad8 25. bxc5 Bxc5 26. Rd7+
Rxd7 27. Qxd7+ Re7 28. Qc8 Bd6 29. Bb3 Qe5 30. g3 Qxg3 31. Qc3+ Qxc3 32.
Rxc3 Kf6 33. Rc6 Ke5 34. Kg2 g5 35. Rc2 h5 36. Re2+ Kf6 37. Rd2 Bb8 38. Bc2
f4 39. Rf2 g4 40. hxg4 hxg4 41. Rd2 f3+ 42. Kf2 Kg5 43. Rd5+ Kf4 44. Rd4+
Kg5 45. Rd5+ Re5 46. Rxe5+ Bxe5 47. Be4 Kf4 48. Bb7 g3+ 49. Kf1 Ke3 50. a4
g2+ 51. Kg1 Bd4 52. a5 Ke2+ 53. Kh2 Kf2 54. Kh3 g1=Q 55. Bxf3 Qg3#
{White checkmated}
0-1

[Event "ICC tourney 2014 (15 5)"]
[Site "Internet Chess Club"]
[Date "2020.09.20"]
[Round "5"]
[White "Jeffchess"]
[Black "michaelxiao"]
[Result "0-1"]
[ICCResult "White checkmated"]
[WhiteElo "1352"]
[BlackElo "1379"]
[Opening "French defense"]
[ECO "C00"]
[NIC "FR.01"]
[Time "16:02:20"]
[TimeControl "900+5"]

1. e4 e6 2. Nf3 d5 3. exd5 exd5 4. Nc3 Nf6 5. d4 Bb4 6. Bd2 c6 7. a3 Bd6 8.
Bd3 Bg4 9. h3 Bh5 10. g4 Bg6 11. Bxg6 hxg6 12. Bg5 Nbd7 13. Qe2+ Qe7 14.
Bxf6 Qxe2+ 15. Nxe2 Nxf6 16. O-O-O O-O-O 17. Nc3 Rde8 18. Rde1 Bf4+ 19. Kb1
Ne4 20. Nxe4 dxe4 21. Nh2 Rxh3 22. f3 Rxh2 23. Rhf1 e3 24. c3 e2 25. Rg1 Bd2
26. Kc2 Bxe1 27. Rxe1 Rf2 28. Kd2 Rf1 29. Rxe2 Rxe2+ 30. Kxe2 Rb1 31. b4 Rb3
32. Kd3 Rxa3 33. Kc4 Ra2 34. f4 Rf2 35. f5 gxf5 36. gxf5 Rxf5 37. d5 g5 38.
d6 Kd7 39. b5 cxb5+ 40. Kd4 Kxd6 41. c4 bxc4 42. Ke4 Re5+ 43. Kf3 c3 44. Kg4
c2 45. Kh3 c1=Q 46. Kg2 Qd2+ 47. Kf1 Re1# {White checkmated} 0-1

[Event "ICC tourney 2014 (15 5)"]
[Site "Internet Chess Club"]
[Date "2020.09.20"]
[Round "5"]
[White "AdityaBang"]
[Black "Joshua1"]
[Result "0-1"]
[ICCResult "White checkmated"]
[WhiteElo "1232"]
[BlackElo "1870"]
[Opening "Sicilian: Smith-Morra gambit"]
[ECO "B21"]
[NIC "SI.47"]
[Time "16:01:23"]
[TimeControl "900+5"]

1. e4 c5 2. d4 cxd4 3. c3 Nf6 4. e5 Nd5 5. cxd4 e6 6. Nc3 d6 7. Nf3 Nxc3 8.
bxc3 Nd7 9. Bd3 Qc7 10. exd6 Bxd6 11. Bd2 b6 12. Ng5 Nf6 13. Qf3 Bb7 14.
Bb5+ Ke7 15. Qg3 Bxg3 16. hxg3 h6 17. Bf4 Qxc3+ 18. Ke2 Qb2+ 19. Kf1 Qxa1+
20. Ke2 Qxh1 21. Nf3 Qxg2 22. Nh4 Qe4+ 23. Kd2 Qxd4+ 24. Bd3 Ba6 25. Be3
Qxd3+ 26. Kc1 Rac8+ 27. Kb2 Rc2+ 28. Kb1 Qd1+ 29. Bc1 Qxc1# {White
checkmated} 0-1

[Event "ICC tourney 2014 (15 5)"]
[Site "Internet Chess Club"]
[Date "2020.09.20"]
[Round "5"]
[White "Kokosnuss1000"]
[Black "QueenHM"]
[Result "0-1"]
[ICCResult "White resigns"]
[WhiteElo "1142"]
[BlackElo "1602"]
[Opening "Sicilian defense"]
[ECO "B20"]
[NIC "SI.48"]
[Time "16:06:09"]
[TimeControl "900+5"]

1. e4 c5 2. d3 d6 3. Nc3 Nf6 4. Nge2 g6 5. g3 Bg7 6. Bg2 O-O 7. O-O Nc6 8.
f4 Bg4 9. h3 Bxe2 10. Qxe2 Nd4 11. Qd2 Rc8 12. e5 dxe5 13. fxe5 Nh5 14. Bxb7
Nxg3 15. Bxc8 Nxf1 16. Kxf1 Qxc8 17. Nd5 Qxh3+ 18. Ke1 Nf3+ {White resigns}
0-1

[Event "ICC tourney 2014 (15 5)"]
[Site "Internet Chess Club"]
[Date "2020.09.20"]
[Round "5"]
[White "rohitk14"]
[Black "oxdidi"]
[Result "1-0"]
[ICCResult "Black checkmated"]
[WhiteElo "1104"]
[BlackElo "1314"]
[Opening "Ruy Lopez: 5.O-O"]
[ECO "C78"]
[NIC "RL.12"]
[Time "16:01:29"]
[TimeControl "900+5"]

1. e4 e5 2. Nf3 Nc6 3. Bb5 a6 4. Ba4 Nf6 5. O-O b5 6. Bb3 Bc5 7. c3 O-O 8.
Re1 Bb7 9. d4 exd4 10. cxd4 Bb4 11. Nc3 h6 12. Bc2 Re8 13. Qd3 Qe7 14. e5
Bxc3 15. bxc3 Rad8 16. Bb2 g6 17. exf6 Qd6 18. d5 Ne5 19. Nxe5 Rxe5 20. Rxe5
Qxe5 21. Rd1 Re8 22. h3 Qd6 23. c4 bxc4 24. Qxc4 Qb6 25. Bb3 c6 26. Qh4 Kh7
27. Bc1 g5 28. Bc2+ Kg8 29. Qxh6 cxd5 30. Qg7# {Black checkmated} 1-0

[Event "ICC tourney 2014 (15 5)"]
[Site "Internet Chess Club"]
[Date "2020.09.20"]
[Round "5"]
[White "VirginiaGuy"]
[Black "NikiSDKChess"]
[Result "1-0"]
[ICCResult "Black checkmated"]
[WhiteElo "1514"]
[BlackElo "736"]
[Opening "Queen's pawn game"]
[ECO "D04"]
[NIC "QP.08"]
[Time "16:01:26"]
[TimeControl "900+5"]

1. d4 d5 2. Nf3 Nf6 3. e3 Bg4 4. c4 Bxf3 5. Qxf3 dxc4 6. Qxb7 Nbd7 7. Bxc4
Rb8 8. Qxa7 e6 9. O-O Ra8 10. Qb7 Rb8 11. Qf3 Bd6 12. Nc3 O-O 13. e4 e5 14.
d5 Nc5 15. Rb1 Ncxe4 16. Nxe4 Nxe4 17. Qxe4 g6 18. Bh6 Re8 19. a4 f5 20. Qe3
e4 21. Bb5 Qh4 22. g3 f4 23. Bxf4 Bxf4 24. gxh4 Bxe3 25. fxe3 Re5 26. Bc4
Rh5 27. Rf4 Rb4 28. b3 g5 29. Rg4 Kf8 30. hxg5 h6 31. g6 Re5 32. g7+ Kg8 33.
d6+ Kh7 34. g8=Q# {Black checkmated} 1-0

[Event "ICC tourney 2014 (15 5)"]
[Site "Internet Chess Club"]
[Date "2020.09.20"]
[Round "5"]
[White "amandapati"]
[Black "Vidipkona"]
[Result "1-0"]
[ICCResult "Black resigns"]
[WhiteElo "242"]
[BlackElo "1319"]
[Opening "Sicilian, Chekhover variation"]
[ECO "B53"]
[NIC "SI.02"]
[Time "16:03:05"]
[TimeControl "900+5"]

1. e4 c5 2. Nf3 d6 3. d4 cxd4 4. Qxd4 Nf6 5. e5 Nc6 6. Bb5 Qa5+ 7. Nc3 Qxb5
8. Nxb5 Nxd4 9. Nfxd4 Nd5 10. O-O a6 11. c4 axb5 12. cxd5 dxe5 13. Nxb5 Ra5
14. a4 Bd7 15. Bd2 Bxb5 16. Bxa5 Bxf1 17. Rxf1 e6 18. Rc1 exd5 19. Rc7 g6
20. Rxb7 Bg7 21. Bb4 d4 22. a5 d3 23. a6 d2 24. Bxd2 O-O 25. a7 e4 26. Rb8
{Black resigns}
1-0

[Event "ICC tourney 2014 (15 5)"]
[Site "Internet Chess Club"]
[Date "2020.09.20"]
[Round "5"]
[White "wildrumpus"]
[Black "pmchess98"]
[Result "0-1"]
[ICCResult "White checkmated"]
[WhiteElo "1435"]
[BlackElo "1473"]
[Opening "Queen's pawn: stonewall attack"]
[ECO "A45"]
[NIC "QP.07"]
[Time "16:02:30"]
[TimeControl "900+5"]

1. d4 Nf6 2. e3 d5 3. Bd3 c5 4. c3 Nc6 5. f4 cxd4 6. exd4 Bg4 7. Nf3 e6 8.
Nbd2 Bd6 9. g3 O-O 10. O-O h6 11. Qe2 Bh3 12. Re1 Nd7 13. Kh1 Re8 14. Ne5
Bxe5 15. fxe5 f5 16. Qh5 Bg4 17. Qh4 Qxh4 18. gxh4 g5 19. hxg5 hxg5 20. Nf1
f4 21. Kg2 Kf7 22. h3 Bf5 23. Be2 Rh8 24. Bg4 Bxg4 25. hxg4 Rh4 26. Kf3 Rah8
27. Bxf4 gxf4 28. Kxf4 Nf8 29. Kg5 Ng6 30. Ng3 Rh3 31. Rf1+ Kg7 32. Nh5+
R8xh5+ 33. gxh5 Rg3# {White checkmated} 0-1

[Event "ICC tourney 2014 (15 5)"]
[Site "Internet Chess Club"]
[Date "2020.09.20"]
[Round "5"]
[White "snifflingalloy6"]
[Black "TheMoffattMan"]
[Result "0-1"]
[ICCResult "White resigns"]
[WhiteElo "1705"]
[BlackElo "1449"]
[Opening "Sicilian: Smith-Morra gambit"]
[ECO "B21"]
[NIC "SI.48"]
[Time "16:01:28"]
[TimeControl "900+5"]

1. e4 c5 2. d4 cxd4 3. c3 dxc3 4. Nxc3 Nc6 5. Bc4 g6 6. Nf3 Bg7 7. O-O Nf6
8. Re1 d6 9. Qe2 O-O 10. Rd1 Qa5 11. h3 a6 12. Bf4 b5 13. Bb3 Nd7 14. Rac1
Bb7 15. Nd5 Nc5 16. Bd2 Qd8 17. Bc3 Nxb3 18. axb3 e6 19. Bxg7 Kxg7 20. Nf4
Ne7 21. Rd3 d5 22. exd5 Nxd5 23. Nxd5 Bxd5 24. Rcd1 Qf6 25. Ne5 Qg5 26. Rg3
Qf4 27. Rg4 Qf5 28. Rg3 Rac8 29. Nd7 Rfd8 30. Nb6 Rc6 31. Nxd5 Rxd5 32. Rxd5
Qxd5 33. Rd3 Qf5 34. g4 Rc1+ 35. Kg2 Qf4 36. Rf3 Qd4 37. Rd3 Qf6 38. Rd7 Rc5
39. Rd6 Qe5 40. Rxa6 Qxe2 {White resigns} 0-1

[Event "ICC tourney 2014 (15 5)"]
[Site "Internet Chess Club"]
[Date "2020.09.20"]
[Round "5"]
[White "BobbyFissure"]
[Black "steinutz"]
[Result "0-1"]
[ICCResult "White resigns"]
[WhiteElo "1505"]
[BlackElo "1784"]
[Opening "Scandinavian (center counter) defense"]
[ECO "B01"]
[NIC "VO.17"]
[Time "16:01:31"]
[TimeControl "900+5"]

1. e4 d5 2. exd5 Qxd5 3. Qf3 Qd6 4. Bc4 Nf6 5. h3 c6 6. Ne2 Nbd7 7. d4 Qb4+
8. Nd2 e6 9. O-O Bd6 10. c3 Qb6 11. Bb3 Qd8 12. Nc4 Bc7 13. Bf4 Nb6 14. Bxc7
Qxc7 15. Qf4 Qxf4 16. Nxf4 Nxc4 17. Bxc4 b5 18. Bd3 Bb7 19. Rfe1 Kd7 20. a4
a6 21. Ra3 h6 22. Rea1 g5 23. Ne2 Nd5 24. axb5 axb5 25. Rxa8 Rxa8 26. Rxa8
Bxa8 27. g3 Kd6 28. b3 f6 29. c4 Nb4 30. Bb1 bxc4 31. bxc4 c5 32. dxc5+ Kxc5
33. f4 Kxc4 34. fxg5 fxg5 35. Kf2 e5 36. Ke3 Bb7 37. Be4 Bc8 38. g4 Be6 39.
Ng3 Nd5+ 40. Bxd5+ Kxd5 41. Nf5 h5 42. Nh6 hxg4 43. hxg4 e4 44. Ke2 Ke5 45.
Ke3 Kf6 46. Kxe4 Ba2 47. Ng8+ Bxg8 48. Kf3 Ke5 49. Ke3 Bd5 50. Kf2 Kf4 51.
Kg1 Kxg4 52. Kh2 Kf3 53. Kg1 g4 54. Kf1 Be6 55. Kg1 Ke2 56. Kg2 Ke1 57. Kg1
Ke2 58. Kg2 Ke3 59. Kg3 Ke4 60. Kf2 Kf4 61. Kg2 Bd5+ 62. Kg1 Kg3 63. Kf1 Kh2
{White resigns}
0-1